 Dungeon Sprint DCSS version 0.30.0-10-gfe55d96785 (webtiles) character file.

Game seed: 13705408749078736423

67467 EarthwalkerPL the Slayer (level 14, -6/160 HPs)
             Began as a Minotaur Gladiator on May 14, 2023.
             Was the Champion of the Shining One.
             Mangled by an iron golem (10 damage)
             ... in the Dungeon (Sprint V: "Ziggurat Sprint").
             The game lasted 00:23:12 (2243 turns).

EarthwalkerPL the Slayer (Minotaur Gladiator)       Turns: 2243, Time: 00:23:13

Health: -6/160     AC: 43    Str: 22    XL:     14   Next: 83%
Magic:  4/24       EV: 18    Int:  5    God:    the Shining One [******]
Gold:   0          SH: 42    Dex: 29    Spells: 13/13 levels left

rFire   . . .        I - +11 Screaming Sword {sonic wave}
rCold   . . .        L - +18 shield of the Gong {Loud rN+ Will+ rCorr EV-5}
rNeg    + + +        J - +15 Maxwell's patent armour {-Cast -Tele rElec Will+ rCorr}
rPois   .            S - +1 hat "Ilary" {+Inv rElec Stlth+}
rElec   +            M - +2 cloak {rCorr}
rCorr   +            T - +2 pair of gloves {Str+3}
SInv    .            (no boots)
Will    +++..        G - amulet of reflection Stlth
                     v - +6 ring of dexterity
HPRegen 0.46/turn    w - +6 ring of dexterity
MPRegen 0.19/turn

%: no teleportation, no spellcasting, reflection
@: glowing, studying 2 skills
A: horns 2, retaliatory headbutt
a: Renounce Religion, Evoke Invisibility, Divine Shield, Cleansing Flame, Summon
Divine Warrior, Brand Weapon With Holy Wrath


You were in the Dungeon.
You worshipped the Shining One.
The Shining One was exalted by your worship.
You visited 1 branch

Inventory:

Hand Weapons
 c - the +8 autumn katana {manifold assault}
   (You found it in the Dungeon)
 H - a +9 double sword of venom
 I - the +11 Screaming Sword (weapon) {sonic wave}
   (You found it in the Dungeon)
Missiles
 e - 8 javelins (quivered)
 y - 6 silver javelins
Armour
 E - a +5 crystal plate armour
 F - a +3 kite shield
 J - the +15 Maxwell's patent armour (worn) {-Cast -Tele rElec Will+ rCorr}
   (You found it in the Dungeon)

   rElec:     It insulates you from electricity.
   -Cast:     It prevents spellcasting.
   -Tele:     It prevents most forms of teleportation.
   rCorr:     It protects you from acid and corrosion.
   Will:      It increases your willpower.
 L - the +18 shield of the Gong (worn) {Loud rN+ Will+ rCorr EV-5}
   (You found it in the Dungeon)

   Loud:      It is deafeningly noisy when blocking attacks.
   EV:        It affects your evasion (-5).
   rN:        It protects you from negative energy.
   rCorr:     It protects you from acid and corrosion.
   Will:      It increases your willpower.
 M - a +2 cloak of preservation (worn)
 P - the sphere of Battle
   (You found it in the Dungeon)

   It enhances your destructive magic.
   It weakens your non-destructive magic.
   It summons a battlesphere in combat, with strength depending on Conjurations
   skill.
 S - the +1 hat "Ilary" (worn) {+Inv rElec Stlth+}
   (You found it in the Dungeon)

   rElec:     It insulates you from electricity.
   +Inv:      It lets you turn invisible.
   Stlth:     It makes you more stealthy.
 T - a +2 pair of gloves of strength (worn)
Jewellery
 b - the ring of Summertime {+Blink rElec Will+ Str+6}
   (You found it in the Dungeon)

   [ring of strength]

   Str:       It affects your strength (+6).
   rElec:     It insulates you from electricity.
   +Blink:    It lets you blink.
   Will:      It increases your willpower.
 d - a ring of fire
 u - a +6 ring of dexterity
 v - a +6 ring of dexterity (left hand)
 w - a +6 ring of dexterity (right hand)
 x - a ring of flight
 z - a ring of magical power
 A - a +5 ring of evasion
 G - an amulet of reflection (around neck)
 K - an amulet of faith
 O - the amulet of Eguacvir {Acrobat +Blink Will+ Dex+3 Stlth-}
   (You found it in the Dungeon)

   [amulet of the acrobat]

   It increases your evasion while moving and waiting.
   Dex:       It affects your dexterity (+3).
   +Blink:    It lets you blink.
   Will:      It increases your willpower.
   Stlth:     It makes you less stealthy.
 R - the amulet of Dithmenos, Sheltering {RegenMP rElec rF+ Will+}
   (You found it in the Dungeon)

   [amulet of magic regeneration]

   It increases your rate of magic regeneration.
   rF:        It protects you from fire.
   rElec:     It insulates you from electricity.
   Will:      It increases your willpower.
 V - an amulet of regeneration
 X - the ring "Gietoil" {rC+ rN+ Int+6 SInv}
   (You found it in the Dungeon)

   [ring of intelligence]

   Int:       It affects your intelligence (+6).
   rC:        It protects you from cold.
   rN:        It protects you from negative energy.
   SInv:      It lets you see invisible.
 Y - a +4 ring of protection
Wands
 a - a wand of flame (76)
 B - a wand of digging (17)
 C - a wand of mindburst (61)
 D - a wand of light (37)
 N - a wand of roots (7)
 Z - a wand of charming (13)
Scrolls
 k - 4 scrolls of blinking
 o - 12 scrolls of enchant weapon
 q - 4 scrolls of amnesia
 r - 7 scrolls of fog
 s - 5 scrolls of identify
 t - a scroll of fear
 Q - a scroll of brand weapon
 U - 6 scrolls of enchant armour
Potions
 f - 10 potions of curing
 g - 12 potions of heal wounds
 h - 6 potions of haste
 i - 7 potions of magic
 j - 3 potions of berserk rage
 l - 2 potions of brilliance
 m - 2 potions of invisibility
 n - 4 potions of resistance
 p - 5 potions of might
Miscellaneous
 W - a box of beasts


   Skills:
 * Level 24.4 Fighting
 * Level 22.3 Long Blades
 - Level 2.0 Throwing
 * Level 21.4 Armour
 * Level 20.1 Dodging
 * Level 21.4 Shields
 * Level 14.6 Invocations


You had 13 spell levels left.
You didn't know any spells.
Your spell library contained the following spells:

 Spells                   Type           Power      Damage    Failure   Level
 Beastly Appendage        Tmut           0%         N/A       98%         1
 Foxfire                  Conj/Fire      0%         2x1d4     98%         1
 Freeze                   Ice            0%         1d3       98%         1
 Kiss of Death            Conj/Necr      0%         2d5       98%         1
 Necrotise                Necr           0%         1d4       98%         1
 Sting                    Tmut/Pois      0%         1d3       98%         1
 Summon Small Mammal      Summ           0%         N/A       98%         1
 Blink                    Tloc           0%         N/A       99%         2
 Cigotuvi's Dreadful Rot  Necr/Pois/Air  0%         N/A       99%         2
 Ensorcelled Hibernation  Hex/Ice        0%         N/A       99%         2
 Lesser Beckoning         Tloc           0%         N/A       99%         2
 Momentum Strike          Conj/Tloc      0%         3d8       99%         2
 Poisonous Vapours        Pois/Air       0%         N/A       99%         2
 Scorch                   Fire           0%         2d5       99%         2
 Static Discharge         Conj/Air       0%         2-2/arc   99%         2
 Wereblood                Tmut           0%         N/A       99%         2
 Call Canine Familiar     Summ           0%         N/A       100%        3
 Confusing Touch          Hex            0%         N/A       100%        3
 Dazzling Flash           Conj/Hex       0%         N/A       100%        3
 Frozen Ramparts          Ice            0%         1d1       100%        3
 Gell's Gravitas          Tloc           0%         N/A       100%        3
 Hailstorm                Conj/Ice       0%         3d3       100%        3
 Ignite Poison            Fire/Tmut/Pois 0%         N/A       100%        3
 Mephitic Cloud           Conj/Pois/Air  0%         N/A       100%        3
 Ozocubu's Armour         Ice            0%         N/A       100%        3
 Portal Projectile        Hex/Tloc       0%         N/A       100%        3
 Spider Form              Tmut/Pois      0%         N/A       100%        3
 Stone Arrow              Conj/Erth      0%         3d7       100%        3
 Summon Guardian Golem    Hex/Summ       0%         N/A       100%        3
 Swiftness                Air            0%         N/A       100%        3
 Teleport Other           Tloc           0%         N/A       100%        3
 Tukima's Dance           Hex            0%         N/A       100%        3
 Vhi's Electric Charge    Tloc/Air       0%         N/A       100%        3
 Volatile Blastmotes      Fire/Tloc      0%         2d10      100%        3
 Anguish                  Hex/Necr       0%         N/A       100%        4
 Animate Armour           Summ/Erth      0%         N/A       100%        4
 Cause Fear               Hex            0%         N/A       100%        4
 Dispel Undead            Necr           0%         3d6       100%        4
 Flame Wave               Conj/Fire      0%         2d4       100%        4
 Ice Form                 Ice/Tmut       0%         N/A       100%        4
 Leda's Liquefaction      Hex/Erth       0%         N/A       100%        4
 Manifold Assault         Tloc           0%         N/A       100%        4
 Olgreb's Toxic Radiance  Pois           0%         N/A       100%        4
 Passage of Golubria      Tloc           0%         N/A       100%        4
 Sticky Flame             Conj/Fire      0%         2d3       100%        4
 Summon Ice Beast         Ice/Summ       0%         N/A       100%        4
 Summon Lightning Spire   Summ/Air       0%         N/A       100%        4
 Blade Hands              Tmut           0%         N/A       100%        5
 Fireball                 Conj/Fire      0%         3d3       100%        5
 Freezing Cloud           Conj/Ice/Air   0%         6-21      100%        5
 Irradiate                Conj/Tmut      0%         3d11      100%        5
 Iskenderun's Battlesphe  Conj           0%         2d6       100%        5
 Metabolic Englaciation   Hex/Ice        0%         N/A       100%        5
 Silence                  Hex/Air        0%         N/A       100%        5
 Summon Forest            Summ/Tloc      0%         N/A       100%        5
 Summon Mana Viper        Hex/Summ       0%         N/A       100%        5
 Conjure Ball Lightning   Conj/Air       0%         3x3d6     100%        6
 Dispersal                Tloc           0%         N/A       100%        6
 Eringya's Noxious Bog    Tmut/Pois      0%         N/A       100%        6
 Simulacrum               Ice/Necr       0%         N/A       100%        6
 Statue Form              Tmut/Erth      0%         N/A       100%        6
 Summon Cactus Giant      Summ           0%         N/A       100%        6
 Dragon Form              Tmut           0%         N/A       100%        7
 Malign Gateway           Summ/Tloc      0%         N/A       100%        7
 Monstrous Menagerie      Summ           0%         N/A       100%        7
 Orb of Destruction       Conj           0%         9d5       100%        7
 Ozocubu's Refrigeration  Ice            0%         4d7       100%        7
 Spellforged Servitor     Conj/Summ      0%         N/A       100%        7
 Storm Form               Tmut/Air       0%         N/A       100%        7
 Summon Hydra             Summ           0%         N/A       100%        7
 Borgnjor's Revivificati  Necr           0%         N/A       100%        8
 Disjunction              Tloc           0%         N/A       100%        8
 Ignition                 Fire           0%         3d3       100%        8
 Lehudib's Crystal Spear  Conj/Erth      0%         10d2      100%        8
 Necromutation            Tmut/Necr      0%         N/A       100%        8
 Summon Horrible Things   Summ           0%         N/A       100%        8
 Chain Lightning          Conj/Air       0%         N/A       100%        9
 Death's Door             Necr           0%         N/A       100%        9
 Dragon's Call            Summ           0%         N/A       100%        9
 Polar Vortex             Ice            0%         N/A       100%        9
 Shatter                  Erth           0%         3d5*      100%        9


Dungeon Overview and Level Annotations

Branches:
Dungeon (1/1)

Altars:
Ashenzari
Cheibriados
Dithmenos
Elyvilon
Fedhas
Gozag
Hepliaklqana
Kikubaaqudgha
Makhleb
Nemelex Xobeh
Okawaru
Qazlal
Ru
Sif Muna
Trog
Uskayaw
Vehumet
Wu Jian
Xom
Yredelemnul
Zin
The Shining One
Jiyva
Lugonu


Innate Abilities, Weirdness & Mutations

You have a pair of horns on your head.
You reflexively headbutt those who attack you in melee.


Message History

You furiously retaliate!
You headbutt the iron golem! You block the iron golem's attack.
PANG!
The Hell Sentinel gestures at you. The iron shot misses you.
The iron shot hits the iron golem!!!
The iron giant starts to cry.
The iron giant wails, "Oh dear!
Oh dear!"
The quicksilver elemental hits you but does no damage.
Unknown command.
Unknown command.
Okay, then.
The Singing Sword hums in delight!
I - the +11 Singing Sword (weapon)
{sonic wave} You block the iron golem's attack.
BONNNG!
You block the iron golem's attack.
GONNNNG!
The quicksilver elemental hits you but does no damage.
The quicksilver elemental closely misses you.
You block the quicksilver elemental's attack.
GONNNNG!
Unknown command.
Unknown command.
Unknown command.
You closely miss the quicksilver elemental.
Your headbutt misses the quicksilver elemental.
The quicksilver elemental is moderately damaged.
The iron giant seems to regain its courage.
You block the hellion's attack.
PTOANNNG!
You block the quicksilver elemental's attack.
GONNNNG!
You block the quicksilver elemental's attack.
PANG!
The quicksilver elemental closely misses you.
The Hell Sentinel hits you! The Shining One protects you from harm!
The Hell Sentinel hits you but does no damage.
The iron golem hits you!
You die...

||:?|=....▓.~......~.))†
.C........▓.~.~.....)).)
..C........▓..▓.....~~▓).
.....2........▓..~...~~..~~.
.......rr...C..▓~.~..........
.........C.119.▓~~.~.~©~....~
...........9EEC▓▓▓▓▓▓▓▓▓▓▓▓▓▓
..........1EE9.▓
...▓.......▓@E.▓
..........9129.▓
............E..▓
.......©.......▓
▓▓▓▓▓▓▓▓▓▓▓▓▓▓▓▓


You could see 4 iron golems, 5 iron giants, 4 Hell Sentinels, 6 quicksilver
elementals, 2 crystal echidnas, a war gargoyle, a hellion and a tormentor.

Vanquished Creatures
  2 liches (D)
  A tentacled starspawn (D)
  2 narguns (D)
  An azure jelly (D)
  2 frost giants (D)
  A vault warden (D)
  An emperor scorpion (D)
  2 ghost moths (D)
  A ghoul (D)
  2 orc warlords (D)
  An ironbound preserver (D)
  An ironbound thunderhulk (D)
  2 broodmothers (D)
  2 very ugly things (D)
  A wendigo (D)
  A spark wasp (D)
  3 blizzard demons (D)
  7 merfolk javelineers (D)
  An entropy weaver (D)
  2 yaktaur captains (D)
  5 merfolk impalers (D)
  A vault guard (D)
  A jorogumo (D)
  An ice dragon (D)
  An anaconda (D)
  2 satyrs (D)
  A two-headed ogre (shapeshifter) (D)
  A merfolk avatar (D)
  2 naga warriors (D)
  A radroach (D)
  A centaur warrior (D)
  6 merfolk aquamancers (D)
  A shock serpent (shapeshifter) (D)
  A skeletal warrior (D)
  A sea snake (shapeshifter) (D)
  A pharaoh ant (D)
  A lindwurm (shapeshifter) (D)
  A steelbarb worm (D)
  An ironbound convoker (D)
  A necromancer (D)
  2 orc knights (D)
  2 orc sorcerers (D)
  A wolf spider (shapeshifter) (D)
  A wolf spider (D)
  A shining eye (D)
  A shining eye (shapeshifter) (D)
  5 ugly things (D)
  A manticore (shapeshifter) (D)
  4 manticores (D)
  A merfolk siren (D)
  3 moths of wrath (D)
  A guardian serpent (D)
  3 demonic crawlers (D)
  3 black mambas (D)
  2 water nymphs (shapeshifter) (D)
  A komodo dragon (shapeshifter) (D)
  A rime drake (D)
  An ice devil (D)
  3 freezing wraiths (D)
  A red devil (D)
  3 trolls (D)
  2 merfolk (shapeshifter) (D)
  A meliai (D)
  4 merfolk (D)
  A wind drake (D)
  3 large abominations (D)
  A tarantella (D)
  A hornet (D)
  A dream sheep (shapeshifter) (D)
  A snapping turtle (D)
  A jumping spider (D)
  A jumping spider (shapeshifter) (D)
  A snapping turtle (shapeshifter) (D)
  A water elemental (D)
  A spriggan (D)
  2 shadows (D)
  3 culicivoras (D)
  A human (shapeshifter) (D)
  3 basilisks (shapeshifter) (D)
  A golden eye (shapeshifter) (D)
  3 neqoxecs (D)
  3 nagas (D)
  A warg (D)
  2 floating eyes (shapeshifter) (D)
  2 water moccasins (D)
  7 orc warriors (D)
  A black bear (shapeshifter) (D)
  2 black bears (D)
  An ogre (D)
  A wolf (D)
  2 necrophages (D)
  2 bullfrogs (D)
  A wight (D)
  2 crimson imps (D)
  5 quasits (D)
  2 orc priests (D)
  An iguana (D)
  An iron imp (D)
  An orc wizard (D)
  6 adders (D)
  3 river rats (D)
  3 shadow imps (D)
  6 white imps (D)
  An ufetubus (D)
  3 adder skeletons (D)
  2 adder simulacra (D)
  2 ball pythons (D)
  A jackal (D)
  A ball python skeleton (D)
  A bat simulacrum (D)
  A giant cockroach simulacrum (D)
  A giant cockroach zombie (D)
  A quokka simulacrum (D)
  2 quokka skeletons (D)
  A quokka zombie (D)
  3 starspawn tentacles (D)
216 creatures vanquished.

Vanquished Creatures (others)
  An adder simulacrum (D)
  A starspawn tentacle (D)
2 creatures vanquished.

Grand Total: 218 creatures vanquished

Notes
Turn   | Place    | Note
-------+----------+-------------------------------------------
     0 | D        | EarthwalkerPL the Minotaur Gladiator began the quest for
                  | the Orb.
     0 | D        | Reached XP level 1. HP: 18/18 MP: 0/0
     0 | D        | Found a shimmering blue altar of Sif Muna.
     0 | D        | Found a sacrificial altar of Ru.
     0 | D        | Found a bloodstained altar of Trog.
     0 | D        | Found a stormy altar of Qazlal.
     0 | D        | Found an iron altar of Okawaru.
     0 | D        | Found a sparkling altar of Nemelex Xobeh.
     0 | D        | Found a blossoming altar of Fedhas.
     0 | D        | Found the +6 Majin-Bo {spellvamp, MP+6 Int+6}
     0 | D        | Found the +27 heavy crossbow "Sniper" {heavy, Acc+∞ SInv}
     0 | D        | Found the +10 dark maul {heavy}
     0 | D        | Found the +15 Maxwell's patent armour {-Cast -Tele rElec
                  | Will+ rCorr}
     0 | D        | Found the +18 shield of the Gong {Loud rN+ Will+ rCorr
                  | EV-5}
     0 | D        | Found the +16 obsidian axe {drain, demonic, Mesm Drain Fly
                  | SInv}
     0 | D        | Found the +7 great mace "Firestarter" {flame, immolate,
                  | rFlCloud rF++}
     0 | D        | Found the +6 shillelagh "Devastator" {shatter}
     0 | D        | Found the +11 plutonium sword {Contam Stlth-}
     0 | D        | Found the +8 lance "Wyrmbane" {slay drac, rPois rF+ rC+
                  | AC+3}
     0 | D        | Found the +9 sword of Zonguldrok {reap}
     0 | D        | Found the +13 scythe of Curses {drain, curses, Drain}
     0 | D        | Found the +9 sword of Power {lifebolt}
     0 | D        | Found the +7 mace of Variability {chaos, chaos arc}
     0 | D        | Found the +11 Singing Sword {sonic wave}
     0 | D        | Found the +8 storm bow {elec, penet}
     2 | D        | Found a transporter.
     2 | D        | Found an ancient bone altar of Kikubaaqudgha.
     2 | D        | Found a viscous altar of Jiyva.
     2 | D        | Found a corrupted altar of Lugonu.
     2 | D        | Found a hazy altar of Hepliaklqana.
     2 | D        | Found a burning altar of Makhleb.
     2 | D        | Found an opulent altar of Gozag.
    79 | D        | Reached skill level 6 in Fighting
    79 | D        | Reached XP level 2. HP: 31/31 MP: 1/1
    86 | D        | Became a worshipper of the Shining One
   100 | D        | Entered arena 2.
   100 | D        | Noticed a large abomination
   100 | D        | Reached * piety under the Shining One
   100 | D        | Found a transporter.
   104 | D        | Reached skill level 7 in Fighting
   104 | D        | Reached skill level 1 in Armour
   104 | D        | Reached skill level 1 in Shields
   104 | D        | Reached XP level 3. HP: 21/39 MP: 2/2
   105 | D        | Killed a large abomination
   106 | D        | Reached skill level 8 in Fighting
   106 | D        | Reached skill level 5 in Armour
   106 | D        | Reached skill level 5 in Shields
   106 | D        | Reached XP level 4. HP: 29/49 MP: 3/3
   106 | D        | Reached XP level 5. HP: 33/56 MP: 4/4
   184 | D        | Entered arena 3.
   184 | D        | Reached ** piety under the Shining One
   184 | D        | Found a transporter.
   189 | D        | Reached skill level 9 in Fighting
   189 | D        | Reached XP level 6. HP: 57/63 MP: 5/5
   194 | D        | Got the ring of Summertime {+Blink rElec Will+ Str+6}
   208 | D        | Entered arena 4.
   208 | D        | Found a transporter.
   215 | D        | Reached skill level 10 in Long Blades
   235 | D        | Entered arena 5.
   235 | D        | Noticed a spriggan
   235 | D        | Reached *** piety under the Shining One
   235 | D        | Found a transporter.
   239 | D        | Killed a spriggan
   240 | D        | Reached skill level 10 in Fighting
   240 | D        | Reached XP level 7. HP: 72/72 MP: 6/6
   255 | D        | Entered arena 6.
   255 | D        | Found the dreamshard necklace {*Dream Drain}
   255 | D        | Reached **** piety under the Shining One
   255 | D        | Noticed a tentacled starspawn
   255 | D        | Found a transporter.
   257 | D        | Reached ***** piety under the Shining One
   259 | D        | Killed a tentacled starspawn
   260 | D        | Reached skill level 12 in Fighting
   260 | D        | Reached skill level 10 in Armour
   260 | D        | Reached skill level 10 in Dodging
   260 | D        | Reached skill level 10 in Shields
   260 | D        | Reached XP level 8. HP: 83/83 MP: 7/7
   287 | D        | Entered arena 7.
   287 | D        | Found the sphere of Battle
   287 | D        | Reached ****** piety under the Shining One
   294 | D        | Reached XP level 9. HP: 90/90 MP: 8/8
   303 | D        | Found a transporter.
   323 | D        | Entered arena 8.
   323 | D        | Noticed a red devil
   331 | D        | Killed a red devil
   332 | D        | Found a transporter.
   342 | D        | Got the amulet of Dithmenos, Sheltering {RegenMP rElec rF+
                  | Will+}
   359 | D        | Entered arena 9.
   359 | D        | Noticed an ironbound convoker
   359 | D        | Noticed a yaktaur captain
   359 | D        | Noticed a vault warden
   359 | D        | Noticed an ironbound preserver
   359 | D        | Noticed an ironbound thunderhulk
   359 | D        | Noticed a yaktaur captain
   359 | D        | Noticed a vault guard
   367 | D        | Killed an ironbound convoker
   367 | D        | Killed an ironbound thunderhulk
   367 | D        | Killed a vault guard
   368 | D        | Reached skill level 13 in Fighting
   368 | D        | Reached XP level 10. HP: 79/102 MP: 9/9
   368 | D        | Killed a yaktaur captain
   368 | D        | Killed an ironbound preserver
   369 | D        | Reached skill level 14 in Fighting
   371 | D        | Killed a vault warden
   372 | D        | Reached skill level 15 in Long Blades
   373 | D        | Killed a yaktaur captain
   374 | D        | Reached skill level 15 in Fighting
   374 | D        | Found a transporter.
   389 | D        | Got the +1 hat "Ilary" {+Inv rElec Stlth+}
   549 | D        | Entered arena 10.
   549 | D        | Noticed a large abomination
   560 | D        | Killed a large abomination
   561 | D        | Reached XP level 11. HP: 113/113 MP: 10/10
   569 | D        | Found a transporter.
   605 | D        | Entered arena 11.
   605 | D        | Found the +5 glaive of the Guard {elec, spectral, AC+5}
   626 | D        | Reached skill level 1 in Invocations
   627 | D        | Found a transporter.
   657 | D        | Entered arena 12.
   657 | D        | Noticed an azure jelly
   657 | D        | Noticed a nargun
   657 | D        | Noticed a wendigo
   658 | D        | Noticed a frost giant
   659 | D        | Noticed a nargun
   665 | D        | Killed an azure jelly
   666 | D        | Reached skill level 16 in Fighting
   667 | D        | Killed a nargun
   669 | D        | Killed a nargun
   670 | D        | Reached skill level 17 in Fighting
   678 | D        | Was placed under penance by the Shining One
   681 | D        | Killed a frost giant
   682 | D        | Reached skill level 15 in Armour
   682 | D        | Reached skill level 5 in Invocations
   684 | D        | Killed a wendigo
   685 | D        | Reached skill level 15 in Shields
   686 | D        | Found a transporter.
   842 | D        | Got the Folio of the Star-crossed Sixfirhy
   849 | D        | Got the amulet of Eguacvir {Acrobat +Blink Will+ Dex+3
                  | Stlth-}
   851 | D        | Got the Quarto of Breccia
   860 | D        | Entered arena 13.
   860 | D        | Was forgiven by the Shining One
   860 | D        | Noticed a naga warrior
   860 | D        | Noticed an anaconda
   861 | D        | Noticed a naga warrior
   866 | D        | Killed an anaconda
   868 | D        | Reached skill level 18 in Fighting
   877 | D        | Killed a naga warrior
   878 | D        | Reached XP level 12. HP: 125/128 MP: 15/15
   880 | D        | Killed a naga warrior
   881 | D        | Found a transporter.
   888 | D        | Got the Spellbook of Red Apparitions
   890 | D        | Got the Tome of Evolving Nonlocality
   905 | D        | Entered arena 14.
   927 | D        | Noticed a cyan very ugly thing
   927 | D        | Found the +8 autumn katana {manifold assault}
   936 | D        | Killed a cyan very ugly thing
   937 | D        | Reached skill level 15 in Dodging
   938 | D        | Reached skill level 19 in Fighting
   945 | D        | a water nymph changed into an anaconda
   945 | D        | Noticed an anaconda (glowing shapeshifter)
   968 | D        | Found a transporter.
   978 | D        | Got the ring "Gietoil" {rC+ rN+ Int+6 SInv}
  1005 | D        | Entered arena 15.
  1009 | D        | Noticed a frost giant
  1009 | D        | Noticed a blizzard demon
  1009 | D        | Noticed an ice dragon
  1009 | D        | Noticed a blizzard demon
  1010 | D        | Noticed a blizzard demon
  1019 | D        | Killed a frost giant
  1020 | D        | Reached skill level 20 in Fighting
  1023 | D        | Killed an ice dragon
  1026 | D        | Killed a blizzard demon
  1029 | D        | Killed a blizzard demon
  1031 | D        | Killed a blizzard demon
  1034 | D        | Found a transporter.
  1051 | D        | Got Xelu's Thoughts on the Escort
  1068 | D        | Entered arena 16.
  1069 | D        | Noticed a merfolk aquamancer
  1069 | D        | Noticed a satyr
  1069 | D        | Noticed a merfolk javelineer
  1069 | D        | Noticed a merfolk impaler
  1070 | D        | Noticed a centaur warrior
  1071 | D        | Noticed a merfolk javelineer
  1071 | D        | Noticed a merfolk javelineer
  1071 | D        | Noticed a merfolk aquamancer
  1071 | D        | Noticed a merfolk aquamancer
  1073 | D        | Killed a merfolk aquamancer
  1078 | D        | Reached skill level 21 in Fighting
  1078 | D        | Killed a merfolk aquamancer
  1081 | D        | Killed a merfolk aquamancer
  1082 | D        | Found a transporter.
  1084 | D        | Killed a merfolk javelineer
  1085 | D        | Reached XP level 13. HP: 66/143 MP: 19/19
  1085 | D        | Killed a merfolk javelineer
  1092 | D        | Killed a merfolk impaler
  1093 | D        | Reached skill level 10 in Invocations
  1095 | D        | Killed a merfolk javelineer
  1372 | D        | Got the Cyclopedia of the Burn and Phantasms
  1379 | D        | Entered arena 17.
  1386 | D        | Noticed an orc warlord
  1387 | D        | Noticed an orc warlord
  1393 | D        | Identified the +0 plate armour of Xom's Displeasure {*Slow
                  | rC+++ Will+ MP+9}
  1408 | D        | Killed an orc warlord
  1420 | D        | Killed an orc warlord
  1422 | D        | Reached skill level 22 in Fighting
  1429 | D        | Found a transporter.
  1478 | D        | Acquired a manual of Transmutations
  1485 | D        | Entered arena 18.
  1491 | D        | Noticed a lich
  1491 | D        | Noticed a ghoul
  1491 | D        | Noticed a lich
  1502 | D        | Killed a lich
  1507 | D        | Killed a lich
  1513 | D        | Killed a ghoul
  1530 | D        | Found a transporter.
  1539 | D        | Got the Enchiridion on the Squall
  1541 | D        | Got the Tome of Turbulence and Reconstruction
  1559 | D        | Got the Reference Book on Transmutation and Frost
  1570 | D        | Entered arena 19.
  1579 | D        | Noticed a merfolk javelineer
  1579 | D        | Noticed a merfolk javelineer
  1579 | D        | Noticed a merfolk javelineer
  1579 | D        | Noticed a merfolk impaler
  1580 | D        | Noticed a merfolk impaler
  1581 | D        | Identified the +7 mace of Viynn {pain, Will+ Str+2}
  1581 | D        | Noticed a merfolk impaler
  1581 | D        | Noticed a merfolk javelineer
  1582 | D        | Identified the +6 spear of Luyleny {spect, Str+4 Int+4}
  1584 | D        | Noticed a merfolk impaler
  1590 | D        | Found a transporter.
  1591 | D        | Killed a merfolk javelineer
  1591 | D        | Killed a merfolk javelineer
  1592 | D        | Killed a merfolk impaler
  1592 | D        | Killed a merfolk impaler
  1592 | D        | Killed a merfolk javelineer
  1593 | D        | Reached skill level 23 in Fighting
  1593 | D        | Reached XP level 14. HP: 107/157 MP: 20/22
  1747 | D        | Entered arena 20.
  1756 | D        | Noticed a red very ugly thing
  1769 | D        | Killed a white very ugly thing
  1798 | D        | Found a transporter.
  1808 | D        | Acquired an amulet of reflection
  1814 | D        | Got the Catalogue of Bolts
  1838 | D        | Got the Tractate on the Sixfirhy
  1864 | D        | Entered arena 21.
  1885 | D        | Noticed an emperor scorpion
  1899 | D        | Killed an emperor scorpion
  1900 | D        | Noticed a ghost moth
  1901 | D        | Noticed a broodmother
  1903 | D        | Noticed a broodmother
  1909 | D        | Reached skill level 24 in Fighting
  1911 | D        | Killed a broodmother
  1915 | D        | Killed a ghost moth
  1916 | D        | Noticed a ghost moth
  1917 | D        | Killed a broodmother
  1929 | D        | Killed a ghost moth
  2177 | D        | Found a transporter.
  2192 | D        | Got the Quarto of Transformation and Sciomancy
  2194 | D        | Got Wehoytid's Disquisition on Evil Gusts
  2196 | D        | Got Dapi's Compilation of Freezing
  2215 | D        | Got the Opusculum on Attacks and the Body
  2223 | D        | Entered arena 22.
  2231 | D        | Noticed a quicksilver elemental
  2231 | D        | Noticed a quicksilver elemental
  2231 | D        | Noticed a quicksilver elemental
  2231 | D        | Noticed a quicksilver elemental
  2234 | D        | Noticed an iron giant
  2234 | D        | Noticed a Hell Sentinel
  2234 | D        | Noticed an iron giant
  2234 | D        | Noticed a quicksilver elemental
  2234 | D        | Noticed a war gargoyle
  2234 | D        | Noticed an iron giant
  2235 | D        | Noticed a Hell Sentinel
  2235 | D        | Noticed a Hell Sentinel
  2235 | D        | Noticed a Hell Sentinel
  2236 | D        | Noticed a quicksilver elemental
  2236 | D        | Noticed an iron giant
  2237 | D        | Noticed a caustic shrike
  2240 | D        | HP: 3/160 [iron giant/iron giant (9)]
  2240 | D        | Noticed an iron giant
  2240 | D        | The Shining One protects you from harm!
  2243 | D        | The Shining One protects you from harm!
  2243 | D        | Mangled by an iron golem

Illustrated notes

Levels and vault maps discovered:
D:        sprint_v [room_start, room_1, room_2, room_3, room_4, room_5, room_6,
          room_7, room_8, room_9, room_10, room_11, room_12, room_13, room_14,
          room_15, room_16, room_17, room_18, room_19, room_20, room_21,
          room_22, room_23, room_24, room_25, room_26, room_27]

Skill      XL: |  1  2  3  4  5  6  7  8  9 10 11 12 13 14 |
---------------+-------------------------------------------+-----
Fighting       | 6 7 8 9 10 12 13 15 18 21 23 24 | 24.4
Long Blades    | 7 9 10 12 14 15 17 18 20 22 | 22.3
Armour         | 1 5 7 10 12 13 15 17 19 21 | 21.4
Shields        | 1 5 7 10 12 13 15 17 19 21 | 21.4
Dodging        | 6 7 10 11 13 14 16 18 20 | 20.1
Invocations    | 6 9 12 14 | 14.6
Throwing       | |  2.0

Action                     |  1- 3 |  4- 6 |  7- 9 | 10-12 | 13-15 || total
---------------------------+-------+-------+-------+-------+-------++-------
  Melee: Double sword      |     4 |    11 |    24 |   119 |   153 ||   311
         Headbutt          |     1 |     2 |     2 |    31 |    39 ||    75
         Katana            |       |       |       |       |     4 ||     4
  Throw: Javelin           |       |       |       |     1 |     7 ||     8
 Invoke: Divine Shield     |       |       |       |     4 |     5 ||     9
         Summon Divine War |       |       |       |       |     1 ||     1
    Use: Potion            |     1 |       |       |       |     2 ||     3
         Scroll            |       |       |       |     6 |     4 ||    10
 Armour: Plate armour      |     3 |    10 |     6 |    30 |    72 ||   121
  Dodge: Dodged            |     1 |    12 |     4 |    29 |   101 ||   147
  Block: Kite shield       |     2 |    15 |    12 |   144 |   351 ||   524
         Tower shield      |       |       |     5 |    19 |       ||    24
